 Dungeon Crawl Stone Soup version 0.26.0-16-gc1dbca0489 (webtiles) character file.

Game seed: 3407583490089459685

3306 hatsuma the Fighter (level 10, -14/91 HPs)
             Began as a Ghoul Monk on Jan 18, 2021.
             Was a Believer of Wu Jian.
             Demolished by a wight
             ... wielding a +4 battleaxe of freezing
              (15 damage)
             ... on level 8 of the Dungeon.
             The game lasted 00:44:09 (6672 turns).

hatsuma the Fighter (Ghoul Monk)                    Turns: 6672, Time: 00:44:09

Health: -14/91     AC: 10    Str: 16    XL:     10   Next: 1%
Magic:  9/9        EV: 15    Int:  5    God:    Wu Jian [**....]
Gold:   492        SH:  0    Dex: 14    Spells: 9/9 levels left

rFire    . . .     SeeInvis .     - Unarmed
rCold    + . .     Faith    .   (no shield)
rNeg     + + +     Spirit   .   m - +0 leather armour
rPois    ∞         Reflect  .   (no helmet)
rElec    .         Harm     .   j - +2 cloak
rCorr    .         Rampage  .   (no gloves)
Will     .....                  (no boots)
Stlth    +++.......             (no amulet)
HPRegen  0.00/turn              (no ring)
MPRegen  0.11/turn              h - +4 ring of protection

@: marked
A: claws 1, cold resistance 1, negative energy resistance 3, inhibited
regeneration, torment resistance, unbreathing
a: Renounce Religion, Wall Jump


You were on level 8 of the Dungeon.
You worshipped Wu Jian.
Wu Jian was pleased with you.
You visited 2 branches of the dungeon, and saw 9 of its levels.

You collected 492 gold pieces.

Inventory:

Missiles
 d - 11 boomerangs
 w - 7 poisoned darts (quivered)
 x - 2 curare-tipped darts
Armour
 j - a +2 cloak (worn)
 m - a +0 leather armour (worn)
 z - +0 swamp dragon scales
Jewellery
 h - a +4 ring of protection (right claw)
Wands
 p - a wand of polymorph (18)
 v - a wand of random effects (12)
 E - a wand of iceblast (6)
Scrolls
 c - 5 scrolls of teleportation
 f - a scroll of immolation
 g - 3 scrolls of magic mapping
 i - a scroll of amnesia
 k - 2 scrolls of enchant armour
 r - a scroll of enchant weapon {unknown}
 t - 2 scrolls of fear
 y - 5 scrolls of remove curse
 D - a scroll of noise {unknown}
Potions
 a - 2 potions of flight
 b - a potion of mutation {unknown}
 e - 4 potions of curing
 l - a potion of heal wounds
 n - a potion of brilliance {unknown}
 o - 2 potions of magic
 q - 2 potions of resistance
 s - a potion of lignification {unknown}
 u - a potion of invisibility {unknown}
 A - a potion of haste {unknown}
 B - a potion of might {unknown}
 C - 2 potions of attraction


   Skills:
 + Level 9.1 Fighting
 - Level 3.8 Armour
 - Level 5.6 Dodging
 - Level 6.0 Stealth
 - Level 9.1 Unarmed Combat


You had 9 spell levels left.
You didn't know any spells.
Your spell library contained the following spells:

 Spells                   Type           Power        Failure   Level
 Magic Dart               Conj           0%           54%         1
 Blink                    Tloc           N/A          67%         2
 Call Imp                 Summ           0%           67%         2
 Slow                     Hex            0%           67%         2
 Conjure Flame            Conj/Fire      0%           88%         3
 Mephitic Cloud           Conj/Pois/Air  0%           88%         3


Dungeon Overview and Level Annotations

Branches:
Dungeon (8/15)             Temple (1/1) D:6
   Lair: D:8-11

Altars:
Ashenzari
Cheibriados
Dithmenos
Elyvilon
Fedhas
Gozag
Hepliaklqana
Kikubaaqudgha
Makhleb
Nemelex Xobeh
Okawaru
Qazlal
Ru
Sif Muna
Trog
Uskayaw
Vehumet
Wu Jian
Xom
Yredelemnul
Zin
The Shining One

Annotations:
D:6 Prince Ribbit


Innate Abilities, Weirdness & Mutations

You thrive by killing the living.
You are immune to poison.
You have sharp fingernails.
Your flesh is cold resistant. (rC+)
You are immune to negative energy. (rN+++)
You do not regenerate when monsters are visible.
You are immune to unholy pain and torment.
You can survive without breathing.


Message History

* * * LOW HITPOINT WARNING * * *
You claw Harold!
You kill Harold!
The Council accepts your kill.
Your Dodging skill gained 2 levels and is now at level 5!
You have reached level 10!
You feel stronger.
Aiming: Wall Jump
Press: ? - help, Dir - move target You repeatedly attack the wight from above.
You scratch the wight.
The wight is moderately damaged.
You scratch the wight.
The wight is moderately damaged.
The wight hits you with a +4 battleaxe of freezing.
* * * LOW HITPOINT WARNING * * *
You claw the wight!
The wight is severely damaged.
The wight hits you with a +4 battleaxe of freezing!
You die...

# #....#### ..# #
#...## ..... #
#...## #..... #
##...######......
##...##......$#
#...........#
#...........#
##......°°##..
##..###..@##
##..## #...[.#
#.###..#
##....##.# #..#
#... #.........#
#..# #....
#.#######..##..#
#... #. ..###.
###


You could see a wight.

Vanquished Creatures
  Harold (D:8)
  Maggie (D:6)
  Duvessa (D:6)
  An orc warrior (D:6)
  A sky beast (D:7)
  An ogre (D:7)
  A black bear (D:5)
  2 ice beasts (D:5)
  2 phantoms
  2 centaurs
  A big kobold (D:4)
  3 bullfrogs
  Dowan (D:6)
  A scorpion (D:6)
  3 wights
  2 bullfrog skeletons
  4 hounds
  5 orc wizards
  A centaur skeleton (D:4)
  2 iguanas
  11 worker ants
  Terence (D:2)
  3 adders
  2 shadow imps (D:6)
  2 white imps (D:7)
  An ufetubus (D:5)
  An ooze (D:1)
  3 dart slugs
  5 leopard geckos
  16 orcs
  6 bats
  6 giant cockroaches
  5 goblins
  13 hobgoblins
  9 jackals
  26 kobolds
  3 quokkas
  3 ball pythons
  6 frilled lizards
  A leopard gecko skeleton (D:5)
  6 rats
165 creatures vanquished.

Vanquished Creatures (others)
  35 plants (D:4)
  2 withered plants (D:6)
37 creatures vanquished.

Grand Total: 202 creatures vanquished

Notes
Turn   | Place    | Note
-------+----------+-------------------------------------------
     0 | D:1      | hatsuma the Ghoul Monk began the quest for the Orb.
     0 | D:1      | Reached XP level 1. HP: 19/19 MP: 0/0
   113 | D:1      | Reached XP level 2. HP: 17/26 MP: 1/1
   369 | D:1      | Reached XP level 3. HP: 29/33 MP: 2/2
  1086 | D:2      | Found a hide-covered altar of Uskayaw.
  1379 | D:2      | Reached XP level 4. HP: 40/40 MP: 3/3
  1483 | D:2      | Noticed Terence
  1499 | D:2      | Killed Terence
  1743 | D:2      | Found a glowing golden altar of the Shining One.
  2041 | D:3      | Found a white marble altar of Elyvilon.
  2089 | D:3      | Reached skill level 5 in Unarmed Combat
  2123 | D:3      | Reached XP level 5. HP: 47/47 MP: 4/4
  2200 | D:3      | Reached skill level 5 in Fighting
  2373 | D:3      | Found a shimmering blue altar of Sif Muna.
  2697 | D:4      | Reached XP level 6. HP: 53/56 MP: 5/5
  3102 | D:4      | Found a shadowy altar of Dithmenos.
  3387 | D:5      | Entered Level 5 of the Dungeon
  3465 | D:5      | Reached skill level 1 in Armour
  3514 | D:5      | Reached XP level 7. HP: 63/63 MP: 6/6
  4396 | D:6      | Noticed Duvessa
  4396 | D:6      | Noticed Dowan
  4439 | D:5      | Reached XP level 8. HP: 55/73 MP: 7/7
  4841 | D:6      | Found an ancient bone altar of Kikubaaqudgha.
  4873 | D:6      | Killed Duvessa
  4879 | D:6      | Killed Dowan
  4881 | D:6      | Noticed Maggie
  4902 | D:6      | Killed Maggie
  4903 | D:6      | Reached XP level 9. HP: 37/82 MP: 8/8
  5134 | D:6      | Reached skill level 5 in Stealth
  5245 | D:6      | Found a staircase to the Ecumenical Temple.
  5247 | D:6      | Noticed Prince Ribbit
  5312 | D:6      | Found a shimmering altar of Xom.
  5327 | D:6      | Found a hazy altar of Hepliaklqana.
  5436 | Temple   | Entered the Ecumenical Temple
  5662 | Temple   | Became a worshipper of the Wu Jian Council
  5662 | Temple   | Reached * piety under Wu Jian
  5662 | Temple   | Reached ** piety under Wu Jian
  6633 | D:8      | Noticed Harold
  6653 | D:8      | Killed Harold
  6654 | D:8      | Reached skill level 5 in Dodging
  6654 | D:8      | Reached XP level 10. HP: 6/91 MP: 9/9
  6671 | D:8      | HP: 1/91 [wight/+4 battleaxe of freezing (5)]
  6672 | D:8      | Demolished by a wight

Illustrated notes

Levels and vault maps discovered:
D:1:      dpeg_arrival_rooms_c, layout_basic, serial_corexii_hall,
          corexii_hall_statues_i, corexii_hall_statues_x
D:2:      layout_basic, eat_drink_and_be_merry_uskayaw, grunt_ministairs_8,
          tso_altar, uniq_terence
D:3:      layout_basic, nicolae_overflow_crystal_walls, lemuel_blue_sif_altar
D:4:      kennysheep_kobold_camp, layout_cave_pools,
          grunt_dithmenos_smoke_and_mirrors, bh_walls_and_bars
D:5:      kennysheep_spiral_hall, layout_basic
D:6:      layout_rooms, nzn_hepliaklqana_mist_gate, kiku_gazebo_garden_becter,
          overflow_temple_1_default, minmay_temple_entry_statues,
          uniq_prince_ribbit1, uniq_maggie, uniq_duvessa
D:7:      layout_loops_ring, minmay_misc_feat_doors
D:8:      layout_layer_cave, lemuel_statue_altar, uniq_pikel, uniq_harold
Temple:   regret_index_temple_generic_petals

Skill      XL: |  1  2  3  4  5  6  7  8  9 |
---------------+----------------------------+-----
Unarmed Combat | 4 5 6 8 9 |  9.1
Fighting       | 4 5 6 7 8 9 |  9.1
Stealth        | 3 4 6 |  6.0
Armour         | 1 2 3 |  3.8
Dodging        | 5 |  5.6

Action                   |  1- 3 |  4- 6 |  7- 9 | 10-12 || total
-------------------------+-------+-------+-------+-------++-------
Melee: Unarmed           |   107 |   232 |   291 |     3 ||   633
       Punch             |     3 |     9 |    17 |       ||    29
Throw: Boomerang         |       |     1 |       |       ||     1
Invok: Whirlwind         |       |       |    10 |       ||    10
       Lunge             |       |       |     9 |       ||     9
 Abil: Wall Jump         |       |       |     4 |     1 ||     5
  Use: Scroll            |     5 |     6 |     4 |       ||    15
       Potion            |       |       |     2 |       ||     2
 Stab: Sleeping          |     5 |     4 |     8 |       ||    17
Armor: Robe              |    19 |       |       |       ||    19
       Leather armour    |       |    52 |    78 |       ||   130
Dodge: Dodged            |    59 |   106 |   150 |       ||   315
